Map: Central Protocol

Players

Happy - Winner!

  • Race: Terran Terran
  • League: Grandmaster

LiquidSnute (Snute)

  • Race: Zerg Zerg
  • League: Grandmaster

Event: 2016 WCS Winter Challenger Europe

VOD

Have the link to the VOD?

Description

Time

  • Played on: Feb. 13, 2016, 2:36 p.m.
  • Length: 17:19

All games in this series

Show
View Real Time Build Order
Export as new Build Order

Happy Terran - Winner!

Build Orders: Liberator Opening, Reaper Expand, Bio Tank 

Get SALT Encoding   

  12  0:00  SCV  
  13  0:12  SCV  
  14  0:17  Supply Depot  
  14  0:24  SCV  
  15  0:39  SCV  
  15  0:41  Barracks  
  16  0:45  Refinery  
  16  0:51  SCV  
  17  1:03  SCV  
  18  1:15  SCV  
  19  1:28  Orbital Command  
  19  1:29  Reaper  
  20  1:40  Command Center  
  20  1:45  Refinery  
  20  1:55  SCV  
  20  1:58  Supply Depot  
  21  2:07  SCV  
  22  2:11  Factory  
  22  2:19  SCV  
  22  2:21  Barracks Reactor  
  23  2:31  SCV  
  24  2:43  SCV  
  25  2:52  Orbital Command  
  25  2:58  Starport  
  25  3:01  SCV  
  25  3:03  Hellion  
  25  3:04  Hellion, Marine  
  31  3:13  SCV  
  31  3:19  SCV  
  33  3:21  Supply Depot  
  33  3:25  Hellion x2  
  37  3:29  SCV  
  38  3:34  Bunker  
  38  3:35  Medivac  
  38  3:41  Supply Depot, SCV  
  41  3:48  Liberator, SCV  
  40  3:52  Factory Tech Lab  
  40  3:54  Supply Depot, SCV  
  42  3:56  Marine x2  
  44  4:04  Barracks  
  44  4:08  SCV x2  
  49  4:18  Barracks  
  49  4:20  Siege Tank  
  49  4:22  SCV  
  53  4:25  Marine x2  
  53  4:29  SCV  
  56  4:35  SCV  
  56  4:36  Engineering Bay  
  57  4:43  SCV, Marine x2  
  57  4:44  Supply Depot  
  60  4:47  SCV  
  60  4:49  Starport Reactor  
  61  4:55  Siege Tank, SCV  
  61  4:58  Refinery, Barracks Tech Lab  
  61  4:59  SCV  
  66  5:03  Marine  
  66  5:04  Marine  
  68  5:07  SCV, Barracks Tech Lab  
  68  5:08  Terran Infantry Weapons Level 1  
  68  5:11  SCV  
  68  5:12  Refinery  
  70  5:19  SCV, Barracks  
  70  5:20  Barracks  
  71  5:24  SCV, Stimpack  
  72  5:33  SCV  
  73  5:38  Marine x2  
  73  5:39  Combat Shields  
  73  5:40  Marine  
  73  5:42  SCV  
  77  5:43  Marine  
  77  5:44  Supply Depot  
  78  5:53  Supply Depot  
  78  5:54  Supply Depot  
  78  5:58  Supply Depot  
  78  6:01  Supply Depot  
  78  6:05  Siege Tank, Marine x4  
  78  6:06  Barracks Reactor  
  78  6:08  SCV  
  78  6:11  SCV  
  87  6:19  Barracks Reactor  
  87  6:22  Supply Depot x2  
  87  6:23  Supply Depot, Marine x2  
  87  6:26  Marine x2  
  89  6:36  Medivac x2  
  93  6:41  Siege Tank, Marine x2  
  93  6:43  Marine  
  93  6:46  Supply Depot  
  99  6:47  Supply Depot  
  99  6:50  Marine  
  100  6:58  Marine x2  
  100  6:59  Marine x2  
  104  7:02  Terran Infantry Armor Level 1  
  104  7:04  Marine x2  
  106  7:11  Medivac x2  
  106  7:14  Marine x2  
  106  7:15  Siege Tank, Marine  
  115  7:16  Marine  
  115  7:20  Supply Depot  
  117  7:26  Marine x2  
  117  7:29  Marine x2  
  121  7:31  Marine  
  122  7:41  Marine x2  
  122  7:43  Medivac x2, Marine  
  122  7:44  Marine  
  128  7:47  Siege Tank  
  128  7:49  Command Center  
  131  7:55  Armory, Marine  
  131  7:58  Engineering Bay  
  132  8:06  Concussive Shells  
  132  8:07  Supply Depot, Marine  
  132  8:08  Marauder  
  132  8:10  Barracks  
  127  8:32  Marine x3  
  104  8:39  Marine  
  104  8:40  Marine  
  91  8:43  Marine x2  
  93  8:53  Marine x3  
  93  8:54  Marine  
  93  8:55  Terran Infantry Weapons Level 2, SCV x2  
  99  8:57  Marine  
  92  9:07  Marine x3  
  92  9:08  Siege Tank  
  89  9:18  Marine x3  
  89  9:19  Marauder x2  
  89  9:20  SCV x2  
  98  9:24  Marine  
  99  9:37  Marine x2  
  101  9:40  Marauder, Marine x2  
  101  9:41  Marauder  
  101  9:42  Siege Tank  
  107  9:47  Marine x2  
  108  9:56  Marine  
  108  9:59  Orbital Command  
  109  10:02  Marauder x2  
  109  10:03  Marine x2  
  109  10:04  Marine  
  109  10:06  Medivac x2  
  119  10:14  Siege Tank  
  119  10:15  Marine x4  
  119  10:18  SCV  
  119  10:21  Marine  
  127  10:23  Marauder  
  132  10:29  Marine  
  132  10:32  Terran Infantry Armor Level 2  
  132  10:33  Factory  
  131  10:36  Marine x2  
  131  10:40  Marine x3  
  131  10:41  Orbital Command  
  135  10:44  Marine  
  132  10:53  Marine  
  132  11:03  Marine x3  
  132  11:04  Marine  
  115  11:06  SCV  
  115  11:10  Marine  
  102  11:14  Bunker  
  102  11:16  Marine x2  
  103  11:20  Marine x2  
  103  11:21  Marine  
  103  11:22  Marine  
  107  11:26  Marine x2  
  107  11:28  Marine  
  110  11:33  Factory Tech Lab  
  110  11:36  Marine x2  
  110  11:37  Medivac  
  110  11:38  Marine x2  
  110  11:39  Marine  
  117  11:40  Siege Tank, Marine  
  121  11:49  Marine x2  
  123  11:57  Marine x2  
  123  11:58  Marauder  
  127  12:03  SCV x2  
  127  12:04  Marine x4  
  133  12:12  Siege Tank, Terran Infantry Weapons Level 3  
  136  12:15  Orbital Command  
  136  12:22  Marine x2  
  136  12:23  Marauder x2, Marine  
  136  12:25  Bunker  
  143  12:34  Marine x2  
  142  12:37  Marine  
  142  12:42  Marine x2  
  145  12:44  Marauder  
  145  12:45  Marauder  
  147  12:53  Marine  
  147  12:54  Marine x2  
  150  13:05  SCV  
  152  13:06  Marauder x2  
  152  13:07  Marine  
  152  13:08  Marine  
  156  13:17  Command Center  
  156  13:18  Marine x2  
  157  13:27  Marauder  
  157  13:30  Marine x2  
  157  13:31  Marauder  
  157  13:41  Siege Tank, Marine x2  
  157  13:42  Marine  
  157  13:48  Marauder, Terran Infantry Armor Level 3, Marine x4  
  159  13:52  Marauder  
  166  13:57  Siege Tank  
  166  13:59  Marine x2  
  151  14:10  Marauder, Marine x2  
  151  14:13  Marine x2  
  151  14:14  Marauder  
  114  14:27  Medivac x2  
  110  14:31  Marauder, Marine  
  110  14:32  Marine x2  
  110  14:33  Planetary Fortress  
  110  14:34  SCV  
  110  14:35  Marauder, SCV x2  
  110  14:37  Marine x2  
  120  14:41  Siege Tank  
  120  14:44  Refinery  
  120  14:45  Refinery  
  123  14:52  Refinery x2  
  125  14:53  Marauder, SCV  
  125  14:57  Marauder  
  125  14:58  Medivac, Marine x2  
  132  15:01  Marine x2  
  132  15:02  Marine x2  
  132  15:05  SCV  
  136  15:13  Marine  
  119  15:14  Marauder  
  119  15:16  Marine x2  
  119  15:17  SCV  
  119  15:18  Marauder  
  119  15:19  Marine  
  119  15:20  Marine  
  120  15:22  Marine x2  
  120  15:24  Medivac  
  120  15:28  Medivac  
  126  15:29  SCV  
  126  15:30  SCV  
  126  15:31  Marine  
  126  15:35  Marauder, Marine x2  
  133  15:37  Marine  
  133  15:38  Marine  
  133  15:39  Marauder, Marine  
  133  15:40  Marine  
  133  15:41  SCV  
  133  15:42  SCV  
  141  15:44  SCV  
  143  15:52  Marine  
  143  15:53  SCV, Marine  
  143  15:54  Medivac  
  143  15:55  Marine  
  143  15:56  Barracks Tech Lab, Marine  
  151  15:57  Marauder, Marine  
  151  15:58  Marine  
  151  16:01  Marauder  
  153  16:04  Barracks, Ghost Academy  
  153  16:05  Barracks  
  153  16:15  SCV  
  153  16:18  Marauder  
  153  16:22  Marauder  
  153  16:24  Siege Tank x2  
  157  16:27  Marine  
  157  16:28  Marauder, Medivac x2, Marine  
  157  16:29  Marine x3  
  170  16:40  Marauder  
  164  16:56  Marine  
  164  16:57  Marine x3  
  164  17:00  Marine  
  164  17:01  Marine  
Show
View Real Time Build Order
Export as new Build Order

LiquidSnute Zerg 

Build Orders: Hatch First 

Get SALT Encoding   

  12  0:00  Drone  
  13  0:12  Overlord  
  13  0:17  Drone  
  14  0:30  Drone x2  
  14  0:34  Drone  
  17  0:51  Hatchery  
  17  0:54  Drone  
  17  0:58  Drone  
  17  1:00  Extractor  
  17  1:13  Spawning Pool  
  17  1:16  Drone  
  17  1:20  Drone  
  18  1:28  Drone  
  19  1:38  Overlord  
  19  1:59  Queen  
  19  2:00  Metabolic Boost, Zergling x2  
  23  2:01  Zergling x2  
  23  2:04  Queen  
  25  2:11  Overlord  
  25  2:14  Drone  
  26  2:29  Drone x3  
  29  2:33  Drone  
  29  2:53  Zergling x4  
  29  2:55  Drone  
  29  2:56  Drone  
  33  2:59  Drone  
  34  3:05  Queen  
  34  3:07  Drone  
  34  3:09  Overlord, Drone x2  
  38  3:15  Drone x2  
  38  3:16  Drone  
  41  3:23  Roach Warren  
  41  3:26  Drone  
  41  3:31  Drone x2  
  43  3:42  Overlord  
  43  3:46  Overlord  
  43  3:59  Hatchery  
  42  4:03  Roach x4  
  42  4:04  Roach  
  42  4:07  Roach  
  42  4:09  Drone  
  55  4:11  Drone  
  55  4:12  Drone  
  55  4:14  Drone  
  56  4:28  Drone x6  
  56  4:29  Drone  
  63  4:35  Drone  
  65  4:38  Drone  
  65  4:40  Drone  
  65  4:44  Queen  
  65  4:45  Evolution Chamber x2  
  66  4:46  Drone  
  66  4:47  Extractor  
  66  4:50  Drone  
  66  4:52  Overlord  
  67  4:56  Overlord  
  67  5:01  Overlord  
  67  5:04  Overlord  
  67  5:05  Spore Crawler  
  66  5:12  Zergling x2  
  66  5:13  Zergling x4  
  69  5:16  Zerg Ground Armor Level 1, Zerg Missile Weapons Level 1  
  69  5:26  Drone x6  
  69  5:28  Overlord  
  75  5:29  Drone  
  75  5:30  Drone  
  75  5:34  Drone  
  75  5:35  Drone  
  78  5:37  Drone  
  78  5:39  Lair  
  78  5:41  Extractor  
  78  5:43  Drone x2  
  78  5:44  Extractor  
  78  5:45  Drone  
  78  5:49  Drone  
  81  5:53  Drone x3  
  81  5:57  Drone x2  
  86  6:02  Overlord x2  
  86  6:07  Overlord, Extractor  
  83  6:16  Drone x5  
  83  6:17  Drone  
  88  6:24  Queen x2  
  88  6:39  Glial Reconstitution  
  86  6:40  Roach  
  86  6:41  Roach x7  
  86  6:45  Overlord, Queen  
  104  6:50  Ravager x3  
  104  6:51  Ravager  
  108  6:56  Overlord  
  108  6:58  Roach x2  
  108  6:59  Overlord x2  
  112  7:05  Roach x2  
  112  7:06  Ravager x2  
  112  7:07  Ravager  
  119  7:11  Overlord x2  
  119  7:15  Ravager  
  120  7:20  Ravager  
  121  7:23  Queen x3  
  127  7:30  Overlord x2  
  127  7:31  Zergling x8  
  124  7:51  Ravager  
  125  8:04  Roach x3  
  125  8:05  Roach x4  
  139  8:08  Roach x2  
  139  8:10  Hatchery  
  141  8:14  Ravager  
  141  8:15  Ravager x2, Roach x2  
  141  8:16  Roach x7  
  156  8:29  Roach x6  
  133  8:38  Roach x5  
  133  8:39  Roach  
  115  8:42  Roach  
  115  8:47  Ravager  
  115  8:48  Ravager  
  119  8:50  Roach  
  121  9:02  Roach x6  
  112  9:07  Queen  
  100  9:18  Zergling x12  
  100  9:23  Ravager x3  
  109  9:26  Zergling x4  
  109  9:27  Zergling x4  
  113  9:31  Ravager  
  113  9:33  Queen  
  116  9:44  Zergling x16  
  121  9:54  Drone x4  
  121  9:55  Drone x2  
  121  9:59  Drone  
  128  10:02  Infestation Pit  
  113  10:14  Queen x2  
  113  10:16  Zerg Missile Weapons Level 2  
  113  10:17  Zerg Ground Armor Level 2  
  117  10:24  Ravager x3  
  117  10:26  Drone x3, Extractor  
  122  10:41  Ravager x2  
  122  10:42  Ravager  
  125  10:44  Roach x2  
  125  10:45  Zergling x20  
  87  11:12  Ravager x3, Queen x2  
  87  11:15  Infestor  
  96  11:21  Queen  
  98  11:28  Infestor  
  98  11:30  Roach x2  
  98  11:31  Roach  
  106  11:33  Hatchery  
  106  11:38  Roach x5  
  115  11:47  Roach x4  
  115  11:48  Queen  
  125  11:54  Ravager x2  
  127  12:01  Ravager  
  127  12:02  Ravager  
  129  12:15  Infestor  
  131  12:26  Drone x3  
  131  12:27  Drone x5, Hatchery  
  136  12:40  Roach  
  136  12:41  Roach x9  
  154  12:52  Roach  
  154  12:53  Roach x3  
  162  13:00  Roach x2  
  166  13:07  Spore Crawler  
  166  13:08  Overlord  
  166  13:09  Overlord x2  
  161  13:26  Drone x7  
  161  13:27  Overlord, Drone x2  
  170  13:29  Roach x2  
  170  13:31  Ravager x4  
  160  13:46  Spore Crawler, Roach x2  
  160  13:47  Roach x3  
  166  14:03  Roach x6  
  143  14:16  Roach x5  
  119  14:24  Roach x3  
  119  14:31  Roach x3  
  107  14:35  Ravager x4  
  107  14:36  Ravager  
  110  14:43  Ravager x5  
  115  14:53  Ravager x3  
  115  14:54  Infestor  
  120  15:03  Hatchery  
  95  15:14  Roach x4  
  87  15:22  Ravager  
  87  15:23  Ravager x2  
  92  15:28  Roach x3  
  92  15:29  Roach x3  
  102  15:36  Roach x3  
  102  15:37  Roach  
  102  15:42  Ravager x2  
  112  15:45  Roach x2  
  112  15:47  Drone x3  
  119  15:52  Roach x2  
  123  15:59  Roach  
  123  16:00  Roach x3  
  131  16:08  Ravager x2  
  133  16:12  Roach x2  
  131  16:28  Ravager  
  131  16:30  Ravager x2  
  131  16:31  Drone x7  
  141  16:42  Extractor  
  141  16:43  Extractor  
  141  16:44  Roach  
  141  16:45  Roach x8  
Tags
 
Add a new tag
Caveats
  • Supply blocks, unpowered buildings, or Contaminate may cause inaccurate times.
  • Supply counts are checked every 10 seconds.